 Dungeon Crawl Stone Soup version 0.18.1-48-g4cf74bf (webtiles) character file.

7290 Inkary the Basher (level 11, -3/72 HPs)
             Began as a Gargoyle Fighter on July 19, 2016.
             Was an Elder of Okawaru.
             Slain by a four-headed hydra (13 damage)
             ... on level 1 of the Lair of Beasts on July 20, 2016.
             The game lasted 00:57:32 (9809 turns).

Inkary the Basher (Gargoyle Fighter)                Turns: 9809, Time: 00:57:33

Health: -3/72      AC: 13    Str: 20    XL:     11   Next: 12%
Magic:  13/13      EV:  9    Int: 10    God:    Okawaru [****..]
Gold:   649        SH: 11    Dex: 11    Spells: 0 memorised, 10 levels left

rFire  . . .     SeeInvis .     d - +3 flail (drain)
rCold  . . .     Gourm    .     a - +0 troll leather armour {Purgy}
rNeg   + . .     Faith    .     c - +1 shield
rPois  ∞         Spirit   .     (no helmet)
rElec  +         Dismiss  .     (no cloak)
rCorr  .         Reflect  .     F - +0 pair of gloves
SustAt .         Harm     +     (no boots)
MR     +....                    b - amulet of harm
Stlth  +.........               (no ring)
                                A - ring of protection from magic

@: somewhat resistant to hostile enchantments, very unstealthy
A: negative energy resistance 1, electricity resistance, unbreathing,
petrification resistance, rot immunity, AC +7
a: Heroism, Renounce Religion


You were on level 1 of the Lair of Beasts.
You worshipped Okawaru.
Okawaru was greatly pleased with you.
You were not hungry.

You visited 3 branches of the dungeon, and saw 13 of its levels.
You also visited: Sewer.

You collected 749 gold pieces.
You spent 100 gold pieces at shops.

Inventory:

Hand Weapons
 d - a +3 flail of draining (weapon)
 q - a +3 hand axe of electrocution
Missiles
 J - 5 needles of confusion (quivered)
Armour
 a - a +0 troll leather armour (worn) {Purgy}
 c - a +1 shield (worn)
 F - a +0 pair of gloves (worn)
Jewellery
 b - an amulet of harm (around neck)
 e - an uncursed amulet of dismissal
 A - a ring of protection from magic (left hand)
 E - an uncursed amulet of regeneration
Wands
 n - a wand of digging (20/24)
 D - a wand of random effects (19/48)
 G - a wand of paralysis (6/24)
 L - a wand of disintegration (11/24)
 N - a wand of enslavement (11/24)
Scrolls
 h - 3 scrolls of amnesia
 m - 3 scrolls of teleportation
 p - 3 scrolls of remove curse
 r - 4 scrolls of identify
 t - 5 scrolls of enchant armour
 x - a scroll of fog
 y - a scroll of noise
 C - a scroll of blinking {unknown}
Potions
 k - a potion of might
 l - 2 potions of resistance
 s - 2 potions of haste
 w - 2 potions of ambrosia {unknown}
 H - a potion of brilliance {unknown}
 I - a potion of berserk rage {unknown}
 M - a potion of mutation {unknown}
 O - a potion of flight {unknown}
Comestibles
 f - 9 bread rations
 g - 3 beef jerkies
 i - a royal jelly
 j - 11 meat rations
 v - 8 fruits


   Skills:
 + Level 10.0 Fighting
 - Level 1.2(6.4) Axes
 * Level 10.9 Maces & Flails
 + Level 2.9 Throwing
 - Level 7.0 Armour
 - Level 7.0 Shields
 + Level 3.9 Invocations


You had 10 spell levels left.
You didn't know any spells.

Dungeon Overview and Level Annotations

Branches:
Dungeon (10/15)            Temple (1/1) D:6            Lair (2/8) D:10
    Orc (0/2) D:10

Altars:
Fedhas
Okawaru
Pakellas
Qazlal
Sif Muna
Xom

Shops:
D:6 %   D:9 :


Innate Abilities, Weirdness & Mutations

You are resistant to torment.
Your stone body is resilient (AC +7).
You are immune to poison.
You resist negative energy.
You are resistant to electric shocks.
You can survive without breathing.
You are immune to petrification.
You are immune to rotting.


Message History

The four-headed hydra bites you.
You block the four-headed hydra's attack.
The four-headed hydra bites you!
The four-headed hydra bites you but does no damage.
The river rat completely misses you.
You closely miss the river rat. The four-headed hydra bites you!
* * * LOW HITPOINT WARNING * * *
The four-headed hydra bites you!
* * * LOW HITPOINT WARNING * * *
The four-headed hydra bites you but does no damage.
The four-headed hydra bites you.
* * * LOW HITPOINT WARNING * * *
You block the river rat's attack.
Drink which item? (? for menu, Esc to quit)
You feel better. The four-headed hydra bites you.
* * * LOW HITPOINT WARNING * * *
The four-headed hydra bites you!
* * * LOW HITPOINT WARNING * * *
The four-headed hydra bites you!
You die...

##.......## #.........##
...........# ......[...##
..........## #### # ........#..#
###..#### ### ##
.......#...######.....#.###.####.
.....##......#...................
...###..........@r...............
#.###......#.....D.......#...##.#
####.....####...........#######..
#.....#.# #............# #..
##.###### ##..........## #.# ##
##......##.# ### #..#.#######
######


You could see a four-headed hydra and a river rat.

Vanquished Creatures
  The ghost of Britaniac the Thaumaturge, a journeyman DEFE of Sif Muna (D:9)
  Maurice (D:8)
  A troll (D:9)
  Prince Ribbit (D:7)
  A two-headed ogre (D:8)
  The ghost of Inkary the Covered, an amateur GrFi of the Shining One (D:4)
  Sigmund (D:4)
  A spriggan (D:10)
  A basilisk (Lair:1)
  A hungry ghost (D:6)
  2 hippogriffs (D:8)
  Grum (D:10)
  Duvessa (D:7)
  4 orc warriors
  Purgy (Sewer)
  An ice beast (D:6)
  2 necrophages
  4 phantoms
  4 ogres
  2 centaurs
  4 wolves (D:10)
  A crocodile (Lair:1)
  3 giant frogs
  2 wyvern zombies
  Dowan (D:7)
  3 scorpions
  A water moccasin zombie (D:7)
  3 wights (D:10)
  2 howler monkeys (D:3)
  A crimson imp (D:7)
  2 giant frog skeletons
  2 hounds
  6 orc priests
  3 gnoll shamans (D:4)
  8 orc wizards
  A centaur skeleton (D:8)
  2 iguanas
  8 worker ants
  Natasha (thrice) (D:3)
  6 sheep (Lair:1)
  38 gnolls
  10 adders
  4 river rats
  A shadow imp (D:9)
  An ooze (D:4)
  3 dart slugs
  6 giant geckos
  38 orcs
  7 giant cockroaches
  7 goblins
  5 hobgoblins
  19 jackals
  10 kobolds
  2 quokkas
  A ball python (D:3)
  6 bats
  3 giant newts
  A quokka skeleton (D:4)
  9 rats
265 creatures vanquished.

Vanquished Creatures (others)
  The ghost of TBriggs11TB the Magician, a novice DEIE of Vehumet (D:6)
  An adder (D:6)
2 creatures vanquished.

Grand Total: 267 creatures vanquished

Notes
Turn   | Place    | Note
--------------------------------------------------------------
     0 | D:1      | Inkary the Gargoyle Fighter began the quest for the Orb.
     0 | D:1      | Reached XP level 1. HP: 14/14 MP: 1/1
   262 | D:1      | Reached XP level 2. HP: 18/19 MP: 2/2
   843 | D:2      | Reached XP level 3. HP: 23/23 MP: 3/3
  1469 | D:2      | Reached XP level 4. HP: 28/29 MP: 4/4
  1720 | D:3      | Reached XP level 5. HP: 21/34 MP: 5/5
  1880 | D:3      | Noticed Natasha
  1882 | D:3      | Killed Natasha
  1933 | D:3      | Reached XP level 6. HP: 38/39 MP: 6/6
  2048 | D:3      | Reached skill level 5 in Fighting
  2074 | D:3      | Noticed Natasha
  2133 | D:3      | Killed Natasha
  2142 | D:3      | Noticed Natasha
  2151 | D:3      | Killed Natasha
  2163 | D:3      | Reached skill level 5 in Armour
  2437 | D:3      | Found a stormy altar of Qazlal.
  2445 | D:3      | Noticed a water elemental
  2446 | D:3      | Noticed a fire elemental
  2446 | D:3      | Noticed an air elemental
  2618 | D:4      | Reached XP level 7. HP: 29/44 MP: 7/7
  2646 | D:4      | Found a glowing drain.
  2672 | Sewer    | Entered a sewer
  2753 | Sewer    | Noticed Purgy
  2768 | Sewer    | Killed Purgy
  2870 | D:4      | Found an oddly glowing altar of Pakellas.
  3000 | D:4      | Reached XP level 8. HP: 36/52 MP: 8/8
  3157 | D:4      | Noticed Inkary's ghost (amateur GrFi)
  4008 | D:3      | Reached skill level 1 in Axes
  4211 | D:4      | Noticed Sigmund
  4220 | D:4      | Killed Sigmund
  4220 | D:4      | Reached skill level 5 in Maces & Flails
  5007 | D:4      | Killed Inkary's ghost
  5007 | D:4      | Reached XP level 9. HP: 28/59 MP: 9/9
  5028 | D:5      | Entered Level 5 of the Dungeon
  5113 | D:5      | Found a stormy altar of Qazlal.
  5192 | D:5      | Found a blossoming altar of Fedhas.
  5565 | D:6      | Killed TBriggs11TB's ghost
  5580 | D:6      | Found a staircase to the Ecumenical Temple.
  5589 | Temple   | Entered the Ecumenical Temple
  5594 | Temple   | Became a worshipper of Warmaster Okawaru
  5682 | D:6      | Found Deisif's Food Boutique.
  5685 | D:6      | Bought a meat ration for 50 gold pieces
  5685 | D:6      | Bought a bread ration for 50 gold pieces
  5724 | D:6      | Reached skill level 5 in Shields
  5750 | D:6      | Reached * piety under Okawaru
  6167 | D:6      | Got a twisted ring mail
  6384 | D:7      | Noticed Prince Ribbit
  6397 | D:7      | Killed Prince Ribbit
  6439 | D:7      | Identified the cursed +1 ring mail of the Moon {rC- rN+++ MR+ Int+6} (You found it on level 6 of the Dungeon)
  6577 | D:7      | Noticed Duvessa
  6589 | D:7      | Reached ** piety under Okawaru
  6595 | D:7      | Killed Duvessa
  6615 | D:7      | Noticed Dowan
  6620 | D:7      | Killed Dowan
  6668 | D:7      | Found a shimmering altar of Xom.
  6668 | D:7      | Found a deep blue altar of Sif Muna.
  6792 | D:8      | Reached XP level 10. HP: 55/66 MP: 10/10
  6864 | D:8      | Noticed Maurice
  6880 | D:8      | Killed Maurice
  7415 | D:9      | Reached *** piety under Okawaru
  7503 | D:9      | Reached skill level 1 in Invocations
  7653 | D:9      | Noticed Britaniac's ghost (journeyman DEFE)
  7665 | D:9      | Killed Britaniac's ghost
  7665 | D:9      | Received a gift from Okawaru
  7665 | D:9      | Reached skill level 10 in Fighting
  7665 | D:9      | Reached skill level 10 in Maces & Flails
  7881 | D:9      | Found Veisum's Book Emporium.
  8396 | D:10     | Entered Level 10 of the Dungeon
  8432 | D:10     | Reached skill level 1 in Throwing
  8738 | D:10     | Found a staircase to the Orcish Mines.
  8739 | D:10     | Noticed Grum
  8756 | D:10     | Killed Grum
  8765 | D:10     | Reached **** piety under Okawaru
  8765 | D:10     | Reached XP level 11. HP: 48/72 MP: 13/13
  9328 | D:10     | Found a staircase to the Lair.
  9463 | Lair:1   | Entered Level 1 of the Lair of Beasts
  9785 | Lair:1   | You fall through a shaft!
  9785 | Lair:2   | Noticed a four-headed hydra
  9809 | Lair:1   | Slain by a four-headed hydra

Skill      XL: |  1  2  3  4  5  6  7  8  9 10 |
---------------+-------------------------------+-----
Maces & Flails | 3 4 6 8 10 | 10.9
Fighting       | 4 5 6 8 9 10 | 10.0
Armour         | 4 5 6 7 |  7.0
Axes           | 1 |  1.2
Shields        | 4 6 7 |  7.0
Invocations    | 3 |  3.9
Throwing       | 2 |  2.9

Action                   |  1- 3 |  4- 6 |  7- 9 | 10-12 || total
-------------------------+-------+-------+-------+-------++-------
Melee: Flail             |   106 |       |   344 |   324 ||   774
       Trident           |    21 |    31 |       |       ||    52
       Hand axe          |       |    99 |   177 |       ||   276
       Spear             |       |       |    14 |       ||    14
  Use: Scroll            |       |     5 |    12 |     2 ||    19
       Potion            |       |       |     7 |     1 ||     8
 Stab: Sleeping          |       |       |     1 |       ||     1
  Eat: Chunk             |     2 |     4 |    11 |     7 ||    24
       Bread ration      |       |       |     2 |       ||     2
       Fruit             |       |       |     1 |     1 ||     2
       Pizza             |       |       |       |     1 ||     1
Armor: Scale mail        |    82 |    90 |    94 |       ||   266
       Troll hide        |       |       |    71 |       ||    71
       Skin              |       |       |     2 |       ||     2
       Chain mail        |       |       |    31 |       ||    31
       Ring mail         |       |       |    18 |   131 ||   149
       Troll leather arm |       |       |       |     5 ||     5
Dodge: Dodged            |    63 |    50 |   164 |    87 ||   364
Block: Shield            |       |       |   179 |   162 ||   341
